 Dungeon Crawl Stone Soup version 0.25.0-9-g26727b657a (webtiles) character file.

Game seed: 5443051460510665520

3336 Boltersam the Grappler (level 9, -1/126 HPs)
             Began as a Troll Monk on June 19, 2020.
             Was a Believer of Cheibriados.
             Engulfed by a cloud of flame (2 damage)
             ... on level 7 of the Dungeon.
             The game lasted 00:30:40 (8748 turns).

Boltersam the Grappler (Troll Monk)                 Turns: 8748, Time: 00:30:41

Health: -1/126     AC: 24    Str: 26      XL:     9   Next: 72%
Magic:  8/8        EV:  1    Int: 10      God:    Cheibriados [**....]
Gold:   362        SH:  0    Dex: 15 (16) Spells: 8/8 levels left

rFire    . . .     SeeInvis .   q - +3 flail (drain)
rCold    . . .     Gourm    +   (no shield)
rNeg     + + +     Faith    .   (armour currently unavailable)
rPois    +         Spirit   .   (helmet currently unavailable)
rElec    .         Reflect  .   (cloak currently unavailable)
rCorr    .         Harm     .   (gloves unavailable)
MR       .....     NoTele   +   (boots unavailable)
Stlth    ++........             (no amulet)
HPRegen  0.71/turn              p - +4 ring of evasion
MPRegen  0.11/turn              (no ring)

@: brilliant, lethally poisoned (-1 -> -4), tree-form, slowed, very slow
A: large, unfitting armour, blurry vision 1, fast metabolism 3, gourmand,
regeneration 1, weak 1
a: Bend Time, Renounce Religion


You were on level 7 of the Dungeon.
You worshipped Cheibriados.
Cheibriados was pleased with you.
You were full.
You were a tree.
You visited 2 branches of the dungeon, and saw 9 of its levels.

You collected 518 gold pieces.
You spent 156 gold pieces at shops.

Inventory:

Hand Weapons
 q - a +3 flail of draining (weapon)
 r - a +2 dagger of protection
 w - a +2 rapier of venom
 z - a +1 flail of venom
Missiles
 d - 162 stones (quivered)
 h - 17 poisoned darts
 E - 49 bolts
Armour
 a - a +0 robe (melded)
 f - a +0 chain mail
 s - a cursed -2 robe
Jewellery
 p - a +4 ring of evasion (left branch)
Wands
 g - a wand of random effects (27)
 y - a wand of iceblast (10)
 B - a wand of enslavement (8)
 D - a wand of polymorph (7)
Scrolls
 c - 6 scrolls of identify
 j - 3 scrolls of remove curse
 k - a scroll of magic mapping {unknown}
 l - 3 scrolls of noise
 m - 5 scrolls of fear {unknown}
 n - 2 scrolls of blinking
 t - 3 scrolls of teleportation
 v - a scroll of enchant weapon
Potions
 A - a potion of magic
 F - a potion of degeneration
Comestibles
 b - 10 rations


   Skills:
 + Level 4.3 Fighting
 + Level 3.6 Maces & Flails
 + Level 0.9 Throwing
 + Level 6.6 Dodging
 - Level 1.2 Stealth
 + Level 10.2 Unarmed Combat
 + Level 0.1 Invocations


You had 8 spell levels left.
You didn't know any spells.
Your spell library contained the following spells:

 Spells                   Type           Power        Failure   Level  Hunger
 Beastly Appendage        Tmut           #.....       36%         1    None
 Corona                   Hex            #......      36%         1    None
 Magic Dart               Conj           #...         36%         1    None
 Shock                    Conj/Air       #...         36%         1    None
 Blink                    Tloc           N/A          50%         2    None
 Call Imp                 Summ           #.......     50%         2    None
 Ensorcelled Hibernation  Hex/Ice        #.....       50%         2    None
 Slow                     Hex            #.......     50%         2    None
 Sticks to Snakes         Tmut           #.......     50%         2    None
 Swiftness                Chrm/Air       #.......     50%         2    None
 Confusing Touch          Hex            #.......     75%         3    None
 Conjure Flame            Conj/Fire      #.......     75%         3    None
 Dazzling Flash           Conj/Hex       #.....       75%         3    None
 Mephitic Cloud           Conj/Pois/Air  #.......     75%         3    None
 Spider Form              Tmut/Pois      #.........   75%         3    None
 Static Discharge         Conj/Air       #.......     75%         3    None
 Tukima's Dance           Hex            #.......     75%         3    None
 Airstrike                Air            #.........   98%         4    None
 Ice Form                 Ice/Tmut       #.......     98%         4    None
 Blade Hands              Tmut           #.........   100%        5    None
 Lightning Bolt           Conj/Air       #.........   100%        5    None


Dungeon Overview and Level Annotations

Branches:
Dungeon (8/15)             Temple (1/1) D:5
   Lair: D:8-11

Altars:
Ashenzari
Cheibriados
Dithmenos
Elyvilon
Fedhas
Gozag
Hepliaklqana
Kikubaaqudgha
Makhleb
Nemelex Xobeh
Okawaru
Ru
Sif Muna
Trog
Uskayaw
Vehumet
Wu Jian
Xom
Yredelemnul
Zin
The Shining One

Shops:
D:7 (

Annotations:
D:5 3 runed translucent doors, Raspi's ghost, novice HOFi


Innate Abilities, Weirdness & Mutations

You are too large for most types of armour.
((You have claws for hands.))
Your metabolism is lightning-fast.
You like to eat raw meat.
Your natural rate of healing is unusually fast.
((You are covered in fur. (AC +1)))
((You have extremely tough skin. (AC +3)))
((You can translocate small distances at will.))
Scrolls take you a little longer to read.
((Armour fits poorly on your strangely shaped body.))
You are weak. (Str -2)


Message History

A bolt of poison appears from out of thin air!
The bolt of poison hits you.
You are more poisoned.
You resist.
* * * LOW HITPOINT WARNING * * *
The fiery explosion engulfs you!
* * * LOW HITPOINT WARNING * * *
Cheibriados appreciates the change of pace.
Reactivating autopickup.
You feel your dexterity returning.
Your Maces & Flails skill increases to level 3!
You feel a bit more experienced.
Unknown command.
You cannot move.
Unknown command.
You're standing in a cloud of flame!
You're standing in a cloud of flame!
You are engulfed in blazing flames.
You die... "What!?
That's it?"

...........####..##
###### ...........##...##
##....##
..########......#
##..###.# .## ##....##
##..## #.# ##
##....###..## ##.# ##
#........## ##.## .###
##.......####.## ...#####
#<......##..##
##.....######.§§♣......##
#####....##..§°##(...##
##.......§#####..#
##.......# #### #......##
#### ##......# ###..#
##.......###[...#
######..))#..........#
........>####........#


There were no monsters in sight!

Vanquished Creatures
  Erica (D:7)
  A spriggan (shapeshifter) (D:4)
  An orc warrior (D:8)
  3 ice beasts
  4 ogres
  4 bullfrogs
  2 scorpions
  A howler monkey (D:5)
  3 bullfrog zombies
  A centaur zombie (D:5)
  3 crimson imps
  2 quasits
  2 centaur skeletons
  3 jellies
  6 orc priests
  A hound (D:7)
  4 orc wizards
  An iguana (D:5)
  5 worker ants
  A hound skeleton (D:4)
  2 worker ant zombies
  9 gnolls
  14 adders
  3 shadow imps
  11 oozes
  2 worms (D:3)
  4 dart slugs
  5 leopard geckos
  21 orcs
  6 ball pythons
  9 giant cockroaches
  9 hobgoblins
  5 jackals
  6 quokkas
  7 bats
  2 frilled lizards
  4 goblins
  19 kobolds
  A quokka skeleton (D:8)
  6 rats
  5 fungi (D:2)
199 creatures vanquished.

Vanquished Creatures (collateral kills)
  An orc warrior (D:4)
1 creature vanquished.

Vanquished Creatures (others)
  An orc (D:7)
  2 fungi (D:2)
  10 toadstools (D:2)
13 creatures vanquished.

Grand Total: 213 creatures vanquished

Notes
Turn   | Place    | Note
-------+----------+-------------------------------------------
     0 | D:1      | Boltersam the Troll Monk began the quest for the Orb.
     0 | D:1      | Reached XP level 1. HP: 22/22 MP: 0/0
   161 | D:1      | Reached XP level 2. HP: 29/29 MP: 1/1
   834 | D:2      | Reached XP level 3. HP: 36/36 MP: 2/2
  1301 | D:2      | Gained mutation: You expend magic power (3 MP) to
                  | strengthen your wands. [potion of mutation]
  1301 | D:2      | Gained mutation: Scrolls take you a little longer to read.
                  | [potion of mutation]
  1301 | D:2      | Gained mutation: You can translocate small distances at
                  | will. [potion of mutation]
  1324 | D:2      | Reached XP level 4. HP: 40/45 MP: 3/3
  1468 | D:2      | Reached skill level 4 in Unarmed Combat
  1576 | D:2      | Reached skill level 1 in Maces & Flails
  1579 | D:2      | Reached XP level 5. HP: 33/53 MP: 4/4
  1679 | D:2      | Found a shimmering altar of Xom.
  1758 | D:2      | Became a worshipper of Xom of Bloodstained Whimsey
  3005 | D:3      | XOM: noise
  3048 | D:4      | XOM is BORED!
  3048 | D:4      | XOM: 1-stop teleportation journey
  3049 | D:4      | Noticed an orc warrior
  3056 | D:4      | XOM: summons 3 hostile shadow creatures
  3057 | D:4      | Noticed an ogre
  3101 | D:4      | XOM: 3-stop teleportation journey
  3209 | D:4      | Reached XP level 6. HP: 60/61 MP: 5/5
  3440 | D:4      | Noticed a shapeshifter
  3440 | D:4      | an orc wizard changed into a shapeshifter
  3440 | D:4      | XOM: polymorph orc wizard -> shapeshifter
  3440 | D:4      | Noticed a harpy
  3440 | D:4      | a shapeshifter changed into a harpy
  3441 | D:4      | XOM: stat loss: -1 Str (21/22)
  3445 | D:4      | Reached skill level 5 in Unarmed Combat
  3445 | D:4      | Noticed a spriggan
  3445 | D:4      | a harpy changed into a spriggan
  3446 | D:4      | XOM: torment (30/61 hp)
  3460 | D:4      | Killed a spriggan
  3460 | D:4      | Reached XP level 7. HP: 18/67 MP: 6/6
  3617 | D:4      | Reached skill level 6 in Unarmed Combat
  3646 | D:4      | XOM: enchant monster (good)
  3861 | D:4      | XOM: summons 1 hostile demon
  4105 | D:4      | XOM: summons 7 friendly demons
  4200 | D:5      | Entered Level 5 of the Dungeon
  4200 | D:5      | Found a runed translucent gate.
  4200 | D:5      | Found a runed translucent gate.
  4200 | D:5      | Found a runed translucent gate.
  4200 | D:5      | Noticed Raspi's ghost (novice HOFi)
  4208 | D:5      | Reached skill level 7 in Unarmed Combat
  4208 | D:5      | Reached XP level 8. HP: 72/78 MP: 7/7
  4237 | D:5      | Found a white marble altar of Elyvilon.
  4257 | D:5      | XOM: summons 5 hostile demons
  4278 | D:5      | XOM: give mutations
  4278 | D:5      | Lost mutation: You expend magic power (3 MP) to strengthen
                  | your wands. [Xom's mischief]
  4278 | D:5      | Gained mutation: Armour fits poorly on your strangely
                  | shaped body. [Xom's mischief]
  4300 | D:5      | XOM: torment (31/78 hp)
  5372 | D:5      | Found a staircase to the Ecumenical Temple.
  5389 | Temple   | Entered the Ecumenical Temple
  5466 | Temple   | Fell from the grace of Xom
  5466 | Temple   | Became a worshipper of Cheibriados the Contemplative
  5780 | D:5      | Reached skill level 8 in Unarmed Combat
  6327 | D:6      | Reached skill level 5 in Dodging
  6375 | D:6      | XOM: give mutation
  6375 | D:6      | Gained mutation: You are weak. (Str -2) [Xom's mischief]
  6416 | D:6      | Reached * piety under Cheibriados
  6528 | D:6      | Reached skill level 9 in Unarmed Combat
  6676 | D:6      | Reached XP level 9. HP: 70/84 MP: 4/8
  6810 | D:6      | Found a blossoming altar of Fedhas.
  6846 | D:6      | You fall into a shaft and drop 2 floors!
  6959 | D:8      | Noticed Erica
  6978 | D:8      | Found a burning altar of Makhleb.
  7361 | D:7      | Reached skill level 10 in Unarmed Combat
  7393 | D:7      | Found Vapann's Antique Weapon Shop.
  7400 | D:7      | Reached ** piety under Cheibriados
  7423 | D:7      | Bought a runed flail for 156 gold pieces
  7904 | D:7      | Found an ornate altar of the Wu Jian Council.
  7915 | D:7      | XOM: summons 6 hostile demons
  8240 | D:6      | XOM: summons 3 hostile shadow creatures
  8527 | D:6      | XOM: torment (43/84 hp)
  8747 | D:7      | Killed Erica
  8747 | D:7      | HP: 1/126 [something/exploding inner flame[the player
                  | character] (12)]
  8748 | D:7      | Engulfed by a cloud of flame

Illustrated notes

Levels and vault maps discovered:
D:1:      mrwooster_arrival_statue_2, layout_basic
D:2:      cheibrodos_fertilizer, layout_basic, nicolae_overflow_crystal_walls,
          first_ration, st_stairs_13
D:3:      layout_loops_ring
D:4:      layout_layer_cave, serial_glass, glass_columns_c, glass_columns_c,
          due_unseen_surprise, minmay_strange_pillars, feat_on_display,
          feat_on_display
D:5:      layout_layer_cave, elyvilon_altar_1, minmay_temple_entry_grid,
          ebering_ghost_rock_garden
D:6:      layout_basic, kennysheep_little_box, grunt_ministairs_3
D:7:      layout_layer_cave, kennysheep_mini_moat, serial_shops,
          nicolae_shop_crystal
D:8:      layout_cave_pools, basic_altar, uniq_grum, uniq_pikel, uniq_erica
Temple:   minmay_temple_bridge_d

Skill      XL: |  1  2  3  4  5  6  7  8  9 |
---------------+----------------------------+-----
Fighting       | 3 4 |  4.3
Unarmed Combat | 4 5 7 9 10 | 10.2
Dodging        | 3 4 5 6 |  6.6
Maces & Flails | 1 3 |  3.6
Throwing       | |  0.9
Stealth        | |  1.2
Invocations    | |  0.1

Action                   |  1- 3 |  4- 6 |  7- 9 || total
-------------------------+-------+-------+-------++-------
Melee: Unarmed           |    88 |   102 |   264 ||   454
       Punch             |     2 |    12 |    19 ||    33
       Whip              |     8 |   257 |       ||   265
       Flail             |       |       |    74 ||    74
Throw: Stone             |       |       |     1 ||     1
Invok: Bend Time         |       |       |     1 ||     1
 Abil: Blink             |       |    15 |       ||    15
Evoke: Wand              |       |     1 |       ||     1
  Use: Scroll            |     2 |     3 |     2 ||     7
       Potion            |     1 |     2 |    10 ||    13
 Stab: Sleeping          |     2 |     2 |     1 ||     5
       Distracted        |       |       |     1 ||     1
  Eat: Chunk             |    17 |    22 |    31 ||    70
       Ration            |       |       |     2 ||     2
Armor: Robe              |    54 |   103 |   114 ||   271
       Skin              |       |       |    13 ||    13
Dodge: Dodged            |    54 |   189 |   436 ||   679
